 Dungeon Crawl Stone Soup version 0.18-a0-1293-g5a2c81a (webtiles) character file.

42 HEYYEYAAE the Digger (level 3, 0/26 HPs)
             Began as a Human Earth Elementalist on Feb 10, 2016.
             Slain by a hobgoblin
             ... wielding a +0 club
              (1 damage)
             ... on level 2 of the Dungeon.
             The game lasted 00:01:17 (1887 turns).

HEYYEYAAE the Digger (Human Earth Elementalist)     Turns: 1887, Time: 00:01:18

Health: 0/26       AC:  2    Str:  8    XL:     3   Next: 77%
Magic:  6/6        EV: 12    Int: 16    God:
Gold:   75         SH:  0    Dex: 13    Spells: 1 memorised, 5 levels left

rFire  + . .     SeeInvis .     i - +0 short sword
rCold  + . .     Gourm    .     a - +0 robe
rNeg   . . .     Faith    .     (no shield)
rPois  +         Spirit   .     (no helmet)
rElec  +         Dismiss  .     (no cloak)
rCorr  +         Reflect  .     (no gloves)
SustAt .         Harm     .     (no boots)
MR     .....                    (no amulet)
Stlth  ++........               (no ring)
                                (no ring)

@: resistant, not resistant to hostile enchantments, unstealthy
A: no striking features
a: no special abilities


You were on level 2 of the Dungeon.
You were very hungry.

You visited 1 branch of the dungeon, and saw 2 of its levels.

You collected 75 gold pieces.

Inventory:

Hand Weapons
 i - a +0 short sword (weapon)
Missiles
 b - 75 stones (quivered)
Armour
 a - a +0 robe (worn)
Scrolls
 h - a scroll of remove curse {unknown}
 j - a scroll of identify {unknown}
 m - a scroll of immolation {unknown}
 n - a scroll of teleportation {unknown}
Potions
 e - a potion of flight {unknown}
 k - a potion of resistance
Books
 c - a book of Geomancy

   Spells                             Type                      Level
   a - Sandblast                      Earth                        1
   b - Passwall                       Transmutation/Earth          2
   c - Stone Arrow                    Conjuration/Earth            3
   d - Petrify                        Transmutation/Earth          4
   e - Lee's Rapid Deconstruction     Earth                        5
Comestibles
 d - 3 bread rations
 f - 3 meat rations
 g - a slice of pizza
 l - a beef jerky


   Skills:
 * Level 1.4 Fighting
 + Level 0.4 Armour
 + Level 2.2 Dodging
 - Level 2.0 Stealth
 + Level 2.3 Spellcasting
   Level 1.0 Transmutations
 * Level 3.5 Earth Magic


You had 5 spell levels left.
You knew the following spells:

 Your Spells              Type           Power        Failure   Level  Hunger
a - Sandblast             Erth           ##....       6%          1    #......


Dungeon Overview and Level Annotations

Branches:
Dungeon (2/15)

Altars:
Fedhas
Pakellas
The Shining One


Message History

You are too injured to fight recklessly!
You are too injured to fight recklessly!
There are monsters nearby!
There are monsters nearby!
Unknown command.
The kobold completely misses you.
Found 19 poisoned needles.
You see here a kobold corpse.
The kobold hits you with a club.
* * * LOW HITPOINT WARNING * * *
A rat comes into view.
The hobgoblin hits you.
* * * LOW HITPOINT WARNING * * *
The rat moves out of view.
Found 10 gold pieces.
Drink which item? (? for menu, Esc to quit)
It was a potion of resistance.
You feel protected. The hobgoblin hits you with a club.
You die...

...####.....###
...g...........
...####.....###
#...$...#
####†....###
#........#
#.K......#
#.gg.....#
#.@.._...#
#........#
#...###....
...(. ....
.....## ...
......#
$##.#### .. #.


You could see 2 hobgoblins and a kobold.

Vanquished Creatures
  3 adders
  2 bats (D:1)
  2 giant cockroaches
  A hobgoblin (D:1)
  2 giant newts
  A goblin (D:1)
  A jackal skeleton (D:2)
  3 kobolds (D:2)
  A quokka zombie (D:2)
  2 rats
18 creatures vanquished.

Notes
Turn   | Place    | Note
--------------------------------------------------------------
     0 | D:1      | HEYYEYAAE the Human Earth Elementalist began the quest for the Orb.
     0 | D:1      | Reached XP level 1. HP: 13/13 MP: 3/3
   301 | D:1      | Found a blossoming altar of Fedhas.
   778 | D:1      | Reached XP level 2. HP: 7/20 MP: 5/5
  1181 | D:1      | Found a glowing golden altar of the Shining One.
  1317 | D:2      | Reached skill level 1 in Fighting
  1383 | D:2      | Reached XP level 3. HP: 26/26 MP: 6/6
  1870 | D:2      | Found an oddly glowing altar of Pakellas.
  1886 | D:2      | HP: 1/26 [hobgoblin (2)]
  1887 | D:2      | Slain by a hobgoblin

Vault maps used:
D:1:      dpeg_arrival_long_road, kennysheep_flooded_box, tso_altar
D:2:      overflow_temple_1_default, first_bread, serial_undead,
          serial_undead_c, serial_undead_c, serial_undead_a, serial_undead_e

Action                   || total
-------------------------++-------
Melee: Unarmed           ||    25
       Short sword       ||    60
 Cast: Sandblast         ||     9
  Use: Potion            ||     2
 Stab: Sleeping          ||     3
  Eat: Chunk             ||     2
